 Dungeon Crawl Stone Soup version 0.25.1-2-g60ff931df9 (webtiles) character file.

Game seed: 12184140481525507267

567 Peloso the Covered (level 7, -2/60 HPs)
             Began as a Minotaur Fighter on Aug 14, 2020.
             Slain by an orc
             ... wielding a +0 trident
              (5 damage)
             ... on level 4 of the Dungeon.
             The game lasted 00:05:32 (3449 turns).

Peloso the Covered (Minotaur Fighter)               Turns: 3449, Time: 00:05:32

Health: -2/60      AC: 10    Str: 21    XL:     7   Next: 11%
Magic:  6/6        EV:  8    Int:  5    God:
Gold:   132        SH: 10    Dex: 11    Spells: 6/6 levels left

rFire    x . .     SeeInvis .   a - +0 long sword
rCold    + . .     Gourm    .   c - +0 kite shield
rNeg     . . .     Faith    .   b - +3 scale mail
rPois    .         Spirit   .   (helmet restricted)
rElec    .         Reflect  .   (no cloak)
rCorr    .         Harm     .   (no gloves)
MR       .....                  (no boots)
Stlth    ..........             (no amulet)
HPRegen  0.20/turn              l - ring of ice
MPRegen  0.10/turn              (no ring)

@: no status effects
A: retaliatory headbutt, horns 2
a: no special abilities


You were on level 4 of the Dungeon.
You were very hungry.

You visited 1 branch of the dungeon, and saw 4 of its levels.

You collected 132 gold pieces.

Inventory:

Hand Weapons
 a - a +0 long sword (weapon)
Armour
 b - a +3 scale mail (worn)
 c - a +0 kite shield (worn)
Jewellery
 l - a ring of ice (left hand)
Wands
 q - a wand of paralysis (9)
Scrolls
 g - a scroll of immolation {unknown}
 h - a scroll of noise {unknown}
 i - 3 scrolls of identify {unknown}
 j - a scroll of teleportation {unknown}
 k - 2 scrolls of enchant weapon {unknown}
 p - a scroll of remove curse {unknown}
Potions
 d - a potion of might
 e - a potion of flight
 r - a potion of ambrosia {unknown}
 s - a potion of mutation {unknown}
Comestibles
 f - 5 rations


   Skills:
 + Level 4.7 Fighting
 + Level 5.5 Long Blades
 + Level 6.4 Armour
 + Level 1.4 Dodging
 + Level 0.1 Stealth
 + Level 5.3 Shields


You had 6 spell levels left.
You didn't know any spells.
Your spell library was empty.

Dungeon Overview and Level Annotations

Branches:
Dungeon (4/15)
 Temple: D:4-7

Altars:


Innate Abilities, Weirdness & Mutations

You reflexively headbutt those who attack you in melee.
You have a pair of horns on your head.


Message History

You closely miss the orc priest. You headbutt the orc priest.
The orc priest is moderately wounded.
The orc priest calls down the wrath of Beogh upon you.
You barely resist. The orc hits you with a +0 trident.
* * * LOW HITPOINT WARNING * * *
You slash the orc priest!
You kill the orc priest!
You have reached level 7!
You block the orc's attack.
You closely miss the orc priest.
The orc priest invokes the aid of Beogh against you.
Pain shoots through your body!
* * * LOW HITPOINT WARNING * * *
You block the orc's attack.
The orc priest hits you with a +0 falchion.
* * * LOW HITPOINT WARNING * * *
You slash the orc priest! You headbutt the orc priest.
You kill the orc priest!
The orc hits you with a +0 trident.
You die...

#
#....................#
#
#....###.#######.#####
# #.#.####.# #.# #
#.#...##.# #+# #
#.###.##.# ##### #.#
#.##.# ....#
#.###..#.#
.##.###........###
...............o@+
.##.#######...#)##
.##.# #....#.# ###.#
#####)## ###.# #o#
....# #.# ##### #o# #
#.# # #)#


You could see an orc.

Vanquished Creatures
  A phantom (D:4)
  2 scorpions (D:4)
  A howler monkey (D:4)
  3 orc priests (D:4)
  2 bullfrog skeletons (D:4)
  A hound (D:4)
  2 orc wizards (D:4)
  4 adders
  An adder skeleton (D:4)
  2 worms (D:2)
  A dart slug (D:1)
  A leopard gecko (D:2)
  5 orcs (D:4)
  A ball python (D:1)
  5 bats
  4 giant cockroaches
  5 goblins
  9 hobgoblins
  7 kobolds
  3 quokkas
  3 frilled lizards
  6 rats
  4 plants (D:1)
73 creatures vanquished.

Notes
Turn   | Place    | Note
-------+----------+-------------------------------------------
     0 | D:1      | Peloso the Minotaur Fighter began the quest for the Orb.
     0 | D:1      | Reached XP level 1. HP: 19/19 MP: 0/0
   189 | D:1      | Reached XP level 2. HP: 26/27 MP: 1/1
   517 | D:1      | Reached skill level 4 in Armour
  1080 | D:2      | Reached XP level 3. HP: 33/33 MP: 2/2
  1923 | D:3      | Reached XP level 4. HP: 34/40 MP: 3/3
  2040 | D:3      | Noticed an ogre
  2304 | D:4      | Reached XP level 5. HP: 15/46 MP: 4/4
  2305 | D:4      | Reached skill level 1 in Dodging
  2306 | D:4      | Reached skill level 5 in Armour
  2676 | D:4      | Noticed a phantom
  2715 | D:4      | Killed a phantom
  2715 | D:4      | Reached XP level 6. HP: 47/53 MP: 5/5
  2781 | D:4      | Reached skill level 5 in Shields
  3009 | D:4      | Reached skill level 5 in Long Blades
  3009 | D:4      | Reached skill level 6 in Armour
  3447 | D:4      | Reached XP level 7. HP: 8/60 MP: 6/6
  3448 | D:4      | HP: 3/60 [orc priest/+0 falchion (3)]
  3449 | D:4      | Slain by an orc

Illustrated notes

Levels and vault maps discovered:
D:1:      onia_arrival_mini_maze_b, layout_rooms, serial_bayou,
          serial_bayou_ford_a, serial_bayou_pond_d, serial_bayou_shore_a,
          serial_bayou_pond_b, serial_bayou_lake_a, serial_bayou_pond_a,
          st_stairs_1
D:2:      layout_rooms
D:3:      minmay_octagon_keep, layout_basic
D:4:      layout_loops_corners, first_ration, minmay_door_square

Skill      XL: |  1  2  3  4  5  6 |
---------------+-------------------+-----
Fighting       | 4 |  4.7
Shields        | 4 5 |  5.3
Armour         | 4 5 6 |  6.4
Long Blades    | 3 4 5 |  5.5
Dodging        | 1 |  1.4
Stealth        | |  0.1

Action                   |  1- 3 |  4- 6 |  7- 9 || total
-------------------------+-------+-------+-------++-------
Melee: Long sword        |   239 |    99 |     2 ||   340
       Headbutt          |    42 |    19 |     1 ||    62
  Use: Potion            |     3 |     2 |       ||     5
  Eat: Chunk             |     4 |     4 |       ||     8
Armor: Scale mail        |    53 |    46 |       ||    99
Dodge: Dodged            |    44 |    36 |       ||    80
Block: Kite shield       |    67 |    50 |     2 ||   119
       Rpst.: Long sword |     7 |    12 |       ||    19
